 Dungeon Crawl Stone Soup version 0.20.0-15-g7f486f2 (webtiles) character file.

4215 KleinerIrrer the Martial Artist (level 10, -3/85 HPs)
             Began as a Naga Transmuter on June 28, 2017.
             Was an Initiate of Cheibriados.
             Splashed by a brown ugly thing's acid (4 damage)
             ... on level 6 of the Dungeon.
             The game lasted 00:37:13 (12852 turns).

KleinerIrrer the Martial Artist (Naga Transmuter)  Turns: 12852, Time: 00:37:14

Health: -3/85      AC:  3    Str: 15    XL:     10   Next: 30%
Magic:  9/13       EV: 14    Int: 14    God:    Cheibriados [......]
Gold:   468        SH:  0    Dex: 15    Spells: 10/13 levels left

rFire    + . .     SeeInvis +     - Unarmed
rCold    . . .     Gourm    .   (no shield)
rNeg     . . .     Faith    .   k - +2 robe {rF+}
rPois    +         Spirit   .   p - +0 helmet
rElec    .         Reflect  .   (no cloak)
rCorr    +         Harm     .   (no gloves)
MR       +....                  (no barding)
Stlth    +++.......             (no amulet)
Regen    0.3/turn               o - ring of resist corrosion
MPRegen  0.2/turn               f - +2 ring of slaying

@: corroded, very slightly contaminated, very slow
A: see invisible, deformed body, poison resistance, slowness 2, slow metabolism
1, spit poison 1, AC +3
a: Spit Poison, Bend Time, Renounce Religion


You were on level 6 of the Dungeon.
You worshipped Cheibriados.
Cheibriados was noncommittal.
You were not hungry.

You visited 2 branches of the dungeon, and saw 8 of its levels.
You also visited: Sewer.

You collected 468 gold pieces.

Inventory:

Missiles
 a - 94 arrows
Armour
 b - a +0 robe
 h - a +2 scale mail of magic resistance
 k - a +2 robe of fire resistance (worn)
 p - a +0 helmet (worn)
 r - +0 steam dragon scales
 w - the +0 robe of the Accordion {+Fly SInv}
   (You found it on level 7 of the Dungeon)

   It lets you see invisible.
   It lets you fly.
 B - +0 shadow dragon scales
Magical Staves
 C - an uncursed staff of fire {unknown}
Jewellery
 f - a +2 ring of slaying (right hand)
 i - an uncursed ring of poison resistance {unknown}
 m - a cursed ring of teleportation {unknown}
 o - a ring of resist corrosion (left hand)
 x - an uncursed ring of wizardry
Wands
 l - a wand of acid (6/15)
 s - a wand of random effects (14/48)
Scrolls
 e - 4 scrolls of identify
 j - 6 scrolls of remove curse
 q - a scroll of recharging
 t - 2 scrolls of magic mapping
 y - a scroll of amnesia {unknown}
 z - a scroll of fog {unknown}
Potions
 v - 3 potions of flight
 D - a potion of magic {unknown}
Books
 c - a book of Changes

   Spells                             Type                      Level
   a - Beastly Appendage              Transmutation                1
   b - Sticks to Snakes               Transmutation                2
   c - Spider Form                    Transmutation/Poison         3
   d - Ice Form                       Ice/Transmutation            4
   e - Blade Hands                    Transmutation                5
 A - a book of Callings

   Spells                             Type                      Level
   a - Summon Small Mammal            Summoning                    1
   b - Call Imp                       Summoning                    2
   c - Call Canine Familiar           Summoning                    3
   d - Summon Guardian Golem          Hexes/Summoning              3
   e - Summon Lightning Spire         Summoning/Air                4
   f - Summon Ice Beast               Ice/Summoning                4
Comestibles
 d - a bread ration
 g - 4 royal jellies
 n - a meat ration
 u - 6 fruits


   Skills:
 + Level 3.9 Fighting
 * Level 6.8 Dodging
 * Level 4.0 Stealth
 - Level 11.3 Unarmed Combat
 + Level 2.0 Spellcasting
 + Level 2.0 Transmutations
 * Level 2.5 Invocations


You had 10 spell levels left.
You knew the following spells:

 Your Spells              Type           Power        Failure   Level  Hunger
a - Beastly Appendage     Tmut           #.....       11%         1    ##.....
b - Sticks to Snakes      Tmut           #.......     16%         2    ###....


Dungeon Overview and Level Annotations

Branches:
Dungeon (7/15)             Temple (1/1) D:6

Altars:
Ashenzari
Cheibriados
Dithmenos
Elyvilon
Fedhas
Gozag
Hepliaklqana
Kikubaaqudgha
Makhleb
Okawaru
Qazlal
Sif Muna
Trog
Uskayaw
Vehumet
Xom
Yredelemnul
Zin


Innate Abilities, Weirdness & Mutations

You cannot wear boots.
Your serpentine skin is tough. (AC +3)
You have supernaturally acute eyesight. (SInv)
Armour fits poorly on your strangely shaped body.
Your system is resistant to poisons. (rPois)
You cover ground very slowly.
You have a slow metabolism.
You can spit poison.


Message History

Casting: Beastly Appendage
Confirm with . or Enter, or press ? or * to list all spells.
You miscast Sticks to Snakes.
You are very lightly contaminated with residual magic.
You smell something strange.
The brown ugly thing headbutts you!
* * * LOW HITPOINT WARNING * * *
You are splashed with acid!
The acid burns!
You resist.
* * * LOW HITPOINT WARNING * * *
Casting: Sticks to Snakes
Confirm with . or Enter, or press ? or * to list all spells.
You create a snake!
You now have 94 arrows.
The brown ugly thing headbutts you!
* * * LOW HITPOINT WARNING * * *
You are splashed with acid!
The acid burns!
You resist.
* * * LOW HITPOINT WARNING * * *
Your ball python bites the brown ugly thing but does no damage.
Your ball python barely misses the brown ugly thing.
The brown ugly thing headbutts you.
* * * LOW HITPOINT WARNING * * *
You are splashed with acid!
The acid burns!
You resist.
You die...

####..#8....8#(#
##.....##8(.8##.####
#.......######(....## ##...###'#
#'###..# #....##%#.######...##..
#.....#.#.##)##.##)#.#..
#.....#.###.. #.#.##.#..
###########....#.#..# #.##(#.#..
.....##..##....#@#.##(##..###.#..
...............##uS..####....##..
................######..######...
...[.............................
.........................#.......
...####..###..###..########.###..
...####..###'##############.###+#
...............# #........#....
...............# #........#....


You could see a brown ugly thing and a friendly ball python.

Vanquished Creatures
  A cyclops (D:6)
  Prince Ribbit (D:6)
  Sigmund (D:3)
  Menkaure (D:6)
  A steam dragon (D:7)
  A black bear (D:6)
  An orc warrior (D:6)
  2 ice beasts
  An eye of draining (D:6)
  2 sky beasts (D:7)
  3 phantoms
  2 ogres
  4 centaurs
  A big kobold (Sewer)
  A wyvern zombie (D:7)
  6 bullfrogs
  5 wights (D:7)
  4 crimson imps
  A bullfrog skeleton (D:7)
  2 hounds
  4 jellies
  3 orc priests
  3 centaur skeletons
  Terence (D:2)
  Jessica (D:2)
  3 iguanas
  Natasha (thrice) (D:3)
  6 worker ants
  A hound zombie (D:6)
  2 hound skeletons
  A howler monkey skeleton (D:4)
  Robin (D:3)
  4 gnolls
  5 adders
  3 river rats (Sewer)
  A shadow imp (D:6)
  4 oozes
  4 worms
  A dart slug (D:2)
  7 leopard geckos
  25 orcs
  2 giant cockroaches
  14 goblins
  6 hobgoblins
  6 jackals
  4 quokkas
  A ball python (D:1)
  13 bats
  7 frilled lizards
  A jackal zombie (D:6)
  12 kobolds
  A leopard gecko skeleton (D:6)
  A leopard gecko zombie (D:7)
  2 quokka zombies
  9 rats
203 creatures vanquished.

Vanquished Creatures (others)
  A centaur (D:6)
  A giant cockroach (D:6)
  A leopard gecko zombie (D:6)
3 creatures vanquished.

Grand Total: 206 creatures vanquished

Notes
Turn   | Place    | Note
-------+----------+-------------------------------------------
     0 | D:1      | KleinerIrrer the Naga Transmuter began the quest for the Orb.
     0 | D:1      | Reached XP level 1. HP: 18/18 MP: 3/3
   491 | D:1      | Reached XP level 2. HP: 25/25 MP: 5/5
  1146 | D:1      | Reached skill level 4 in Unarmed Combat
  1397 | D:1      | Reached XP level 3. HP: 22/31 MP: 6/6
  1764 | D:2      | Noticed Jessica
  2037 | D:2      | Killed Jessica
  2037 | D:2      | Reached XP level 4. HP: 30/38 MP: 5/7
  2188 | D:2      | Noticed Terence
  2217 | D:2      | Killed Terence
  2217 | D:2      | Reached skill level 5 in Unarmed Combat
  2451 | D:2      | Found a faded altar of an unknown god.
  2488 | D:2      | Learned a level 2 spell: Sticks to Snakes
  3357 | D:3      | Noticed Sigmund
  3364 | D:3      | Noticed Robin
  3377 | D:3      | Killed Sigmund
  3377 | D:3      | Reached skill level 6 in Unarmed Combat
  3377 | D:3      | Reached XP level 5. HP: 25/44 MP: 4/8
  3377 | D:3      | Reached XP level 6. HP: 29/51 MP: 4/9
  3711 | D:3      | Killed Robin
  3772 | D:3      | Noticed Natasha
  3777 | D:3      | Killed Natasha
  3777 | D:3      | Reached skill level 7 in Unarmed Combat
  3873 | D:3      | Noticed Natasha
  3882 | D:3      | Killed Natasha
  3898 | D:3      | Noticed Natasha
  3903 | D:3      | Killed Natasha
  4258 | D:3      | Found a deep blue altar of Sif Muna.
  4648 | D:3      | Reached XP level 7. HP: 53/57 MP: 10/10
  4813 | D:4      | Reached skill level 8 in Unarmed Combat
  4962 | D:4      | Found a glowing drain.
  4966 | Sewer    | Entered a sewer
  5207 | Sewer    | Found a glowing silver altar of Zin.
  5404 | D:4      | Found an ancient bone altar of Kikubaaqudgha.
  5405 | D:4      | Found a white marble altar of Elyvilon.
  5443 | D:4      | Reached skill level 9 in Unarmed Combat
  5527 | D:4      | Reached XP level 8. HP: 59/64 MP: 11/11
  6140 | D:5      | Entered Level 5 of the Dungeon
  6158 | D:5      | Noticed a dagger
  6159 | D:5      | Noticed an enchanted dagger
  6162 | D:5      | Found a hide-covered altar of Uskayaw.
  6244 | D:5      | Reached skill level 10 in Unarmed Combat
  7914 | D:6      | HP: 3/64 [gnoll/halberd (17)]
  8176 | D:6      | Noticed Prince Ribbit
  8585 | D:6      | Found a large runed door.
  8585 | D:6      | Found a large runed door.
  9610 | D:7      | Reached skill level 11 in Unarmed Combat
  9610 | D:7      | Reached XP level 9. HP: 19/73 MP: 12/12
  9925 | D:7      | Found a hazy altar of Hepliaklqana.
 10881 | D:7      | Got a shadowed robe
 10892 | D:7      | Identified the +0 robe of the Accordion {+Fly SInv} (You found it on level 7 of the Dungeon)
 11318 | D:6      | Reached skill level 5 in Dodging
 11332 | D:6      | Killed Prince Ribbit
 11617 | D:6      | Reached skill level 1 in Stealth
 11801 | D:6      | Found a staircase to the Ecumenical Temple.
 11894 | Temple   | Entered the Ecumenical Temple
 11958 | Temple   | Became a worshipper of Cheibriados the Contemplative
 12128 | D:6      | Noticed Menkaure
 12130 | D:6      | Killed Menkaure
 12130 | D:6      | Reached XP level 10. HP: 84/84 MP: 13/13
 12152 | D:6      | Reached skill level 1 in Invocations
 12551 | D:6      | Noticed a cyclops
 12571 | D:6      | Killed a cyclops
 12788 | D:6      | Found a large runed door.
 12788 | D:6      | Found a large runed door.
 12842 | D:6      | Noticed a brown ugly thing
 12851 | D:6      | HP: 4/85 [brown ugly thing (8)]
 12851 | D:6      | HP: 1/85 [acid (3)]
 12852 | D:6      | Splashed by a brown ugly thing's acid

Skill      XL: |  1  2  3  4  5  6  7  8  9 10 |
---------------+-------------------------------+-----
Unarmed Combat | 4 6 7 9 11 | 11.3
Dodging        | 2 6 |  6.8
Fighting       | 3 |  3.9
Stealth        | 2 4 |  4.0
Invocations    | 2 |  2.5
Spellcasting   | |  2.0
Transmutations | |  2.0

Action                   |  1- 3 |  4- 6 |  7- 9 | 10-12 || total
-------------------------+-------+-------+-------+-------++-------
Melee: Unarmed           |    88 |   197 |   401 |    65 ||   751
       Headbutt          |     1 |     1 |       |       ||     2
       Punch             |       |     4 |    14 |     3 ||    21
 Cast: Beastly Appendage |     1 |     1 |       |       ||     2
       Sticks to Snakes  |       |     2 |       |     1 ||     3
 Abil: Spit Poison       |       |       |     1 |       ||     1
Evoke: Wand              |       |       |    15 |       ||    15
  Use: Scroll            |     1 |     5 |     9 |       ||    15
       Potion            |       |     2 |     6 |       ||     8
 Stab: Sleeping          |       |       |     2 |     2 ||     4
       Distracted        |       |       |     2 |       ||     2
  Eat: Bread ration      |     1 |     1 |     3 |       ||     5
       Chunk             |     1 |       |     7 |       ||     8
Armor: Robe              |    19 |    54 |   106 |    13 ||   192
Dodge: Dodged            |    60 |   106 |   210 |    28 ||   404
